 Dungeon Sprint DCSS version 0.23.2-40-g277498a001 (webtiles) character file.

Game seed: 8374508636516021283

12303097 Cryoshakespeare the Conqueror (level 21, 397/397 HPs)
             Began as an Ogre Transmuter on Sept 23, 2019.
             Was an Initiate of Gozag.
             Escaped with the Orb
             ... and 5 runes!
             The game lasted 01:02:00 (13394 turns).

Cryoshakespeare the Conqueror (Ogre Transmuter)    Turns: 13394, Time: 01:02:00

Health: 397/397    AC: 16    Str: 41    XL:     21   Next: 42%
Magic:  45/45      EV: 14    Int: 16    God:    Gozag
Gold:   7087       SH:  3    Dex:  7    Spells: 15/40 levels left

rFire    + + +     SeeInvis .     - Unarmed
rCold    . . .     Gourm    .   (shield currently unavailable)
rNeg     + . .     Faith    .   (armour currently unavailable)
rPois    +         Spirit   .   (helmet currently unavailable)
rElec    +         Reflect  +   (cloak currently unavailable)
rCorr    .         Harm     .   (gloves unavailable)
MR       ++...     NoTele   +   (boots unavailable)
Stlth    +.........             N - amulet "Vuqeb" {Reflect rF+ rN+ Str+4 SH+3 Stlth+}
HPRegen  0.76/turn              O - ring of Ipponoy {+Fly rElec MP+9}
MPRegen  0.29/turn              H - ring of Ukhuot {rC+ Int+4 Stlth+}

@: dragon-form, gold aura, flying, deflect missiles
A: giant, unfitting armour, blurry vision 1, clumsy 1, dopey 1
0: Orb of Zot
}: 5/17 runes: decaying, serpentine, barnacled, silver, gossamer
a: End Transformation, Potion Petition, Call Merchant, Bribe Branch, Renounce
Religion, Breathe Fire


You escaped.
You worshipped Gozag.
Gozag was greatly pleased with you.
You were not hungry.
You were a fearsome dragon!
You visited 1 branch You collected 48572 gold pieces.
You spent 9273 gold pieces at shops.
You paid 32212 gold pieces to Gozag.

Inventory:

Missiles
 a - 79 arrows
Armour
 n - a +0 robe (melded)
 F - a +0 cloak of magic resistance (melded)
Magical Staves
 b - an uncursed staff of energy (melded)
Jewellery
 l - an uncursed ring of wizardry
 p - a +2 ring of protection
 q - a +3 ring of dexterity
 r - the amulet "Ijodgh" {Acrobat Int+6 Dex+5}
   (You bought it in a shop in the Dungeon)

   [amulet of the acrobat]

   It helps you evade while moving and waiting.
   It affects your intelligence (+6).
   It affects your dexterity (+5).
 w - an uncursed ring of protection from magic
 B - a +6 ring of intelligence
 C - a +6 ring of intelligence
 D - a +6 ring of dexterity
 E - a +6 ring of intelligence
 H - the ring of Ukhuot (right foreclaw) {rC+ Int+4 Stlth+}
   (You bought it in a shop in the Dungeon)

   [ring of intelligence]

   It affects your intelligence (+4).
   It protects you from cold.
   It makes you more stealthy.
 I - an uncursed ring of flight
 K - a +3 ring of strength
 L - a cursed -4 ring of dexterity
 M - an uncursed amulet of regeneration
 N - the amulet "Vuqeb" (around neck) {Reflect rF+ rN+ Str+4 SH+3 Stlth+}
   (You acquired it in the Dungeon)

   [amulet of reflection]

   It shields you and reflects attacks.
   It affects your strength (+4).
   It protects you from fire.
   It protects you from negative energy.
   It affects your SH (+3).
   It makes you more stealthy.
 O - the ring of Ipponoy (left foreclaw) {+Fly rElec MP+9}
   (You bought it in a shop in the Dungeon)

   [ring of flight]

   It insulates you from electricity.
   It affects your magic capacity (+9).
   It lets you fly.
 P - the amulet "Woseita" {Gourm rElec rN+}
   (You found it in the Dungeon)

   [amulet of the gourmand]

   It allows you to eat raw meat even when not hungry.
   It insulates you from electricity.
   It protects you from negative energy.
 Q - the ring "Kiuceur" {*Slow MR+ Str+3 Dex+5}
   (You found it in the Dungeon)

   [ring of protection from magic]

   It affects your strength (+3).
   It affects your dexterity (+5).
   It affects your resistance to hostile enchantments.
   It may slow you when you take damage.
 R - the ring "Ismuxoud" {MR++ MP+9 EV+3 Str-5 Stlth+}
   (You found it in the Dungeon)

   [ring of evasion]

   It affects your evasion (+3).
   It affects your strength (-5).
   It affects your resistance to hostile enchantments.
   It affects your magic capacity (+9).
   It makes you more stealthy.
 S - the ring of the Moon {+Fly rPois Str+3}
   (You found it in the Dungeon)

   [ring of poison resistance]

   It affects your strength (+3).
   It protects you from poison.
   It lets you fly.
 T - the ring of Jekush {+Inv rF+ MR- Int+3 Stlth+}
   (You found it in the Dungeon)

   [ring of intelligence]

   It affects your intelligence (+3).
   It protects you from fire.
   It affects your resistance to hostile enchantments.
   It lets you turn invisible.
   It makes you more stealthy.
Wands
 m - a wand of acid (10)
Scrolls
 j - 6 scrolls of blinking
 k - 6 scrolls of remove curse
 t - 9 scrolls of enchant weapon
 u - 3 scrolls of fog
 y - 8 scrolls of enchant armour
 A - 3 scrolls of fear
Potions
 c - a potion of brilliance
 e - 11 potions of curing
 f - a potion of invisibility
 g - 6 potions of haste
 h - 4 potions of magic
 i - 3 potions of heal wounds
 o - 3 potions of might
 s - 3 potions of mutation
 v - a potion of agility
 z - 4 potions of berserk rage
 G - a potion of resistance
 J - a potion of degeneration {unknown}
Miscellaneous
 d - 3 phantom mirrors
 x - a crystal ball of energy
Comestibles
 U - 4 rations


   Skills:
 O Level 27 Fighting
 O Level 27 Dodging
 O Level 27 Unarmed Combat
 - Level 10.0 Spellcasting
 + Level 26.8 Charms
 - Level 22.0 Transmutations
 - Level 5.0 Ice Magic
 - Level 6.5 Air Magic
 + Level 25.1 Earth Magic
 + Level 23.5 Evocations


You had 15 spell levels left.
You knew the following spells:

 Your Spells              Type           Power        Failure   Level  Hunger
a - Dragon Form           Tmut           ######....   1%          7    #######
b - Ice Form              Ice/Tmut       ######..     1%          4    ###....
c - Deflect Missiles      Chrm/Air       ######....   1%          6    ######.
d - Statue Form           Tmut/Erth      ######...    1%          6    ######.
e - Song of Slaying       Chrm           #######.     0%          2    None

Your spell library contained the following spells:

 Spells                   Type           Power        Failure   Level  Hunger
 Beastly Appendage        Tmut           ######       0%          1    None
 Infusion                 Chrm           ####         0%          1    None
 Sticks to Snakes         Tmut           ######..     0%          2    None
 Shroud of Golubria       Chrm/Tloc      ######....   1%          2    None
 Regeneration             Chrm/Necr      ######....   1%          3    None
 Spectral Weapon          Hex/Chrm       ######..     1%          3    None
 Spider Form              Tmut/Pois      #####.....   1%          3    None
 Leda's Liquefaction      Hex/Erth       #####.....   1%          4    ###....
 Blade Hands              Tmut           ######....   1%          5    #####..
 Iron Shot                Conj/Erth      #####.....   8%          6    ######.
 Flame Tongue             Conj/Fire      #....        9%          1    None
 Bolt of Magma            Conj/Fire/Erth ####......   9%          5    #####..
 Summon Lightning Spire   Summ/Air       ###.....     24%         4    ###....
 Shatter                  Erth           ######....   30%         9    #######
 Silence                  Hex/Air        ###.......   54%         5    #####..
 Cause Fear               Hex            #.........   65%         4    ###....
 Conjure Ball Lightning   Conj/Air       ###.......   98%         6    ######.
 Bolt of Fire             Conj/Fire      #.........   100%        6    ######.
 Dragon's Call            Summ           #.........   100%        9    #######
 Tornado                  Air            ####......   100%        9    #######


Dungeon Overview and Level Annotations

Branches:
Dungeon (1/1)

Altars:
Cheibriados
Dithmenos
Elyvilon
Fedhas
Gozag
Hepliaklqana
Kikubaaqudgha
Makhleb
Nemelex Xobeh
Okawaru
Qazlal
Ru
Sif Muna
Trog
Uskayaw
Vehumet
Wu Jian
Xom
Yredelemnul
Zin
The Shining One
Beogh
Jiyva
Lugonu

Shops:
D %[%(%}}*}::}?**[**==*}


Innate Abilities, Weirdness & Mutations

You are too large for most types of armour.
((You have tough skin. (AC +1)))
Scrolls take you a little longer to read.
You are clumsy. (Dex -2)
((Armour fits poorly on your strangely shaped body.))
You are dopey. (Int -2)


Message History

No target in view!
You now have 7087 gold pieces (gained 153).
There is an ancient bone altar of Kikubaaqudgha here.
There is a viscous altar of Jiyva here.
There is a hazy altar of Hepliaklqana here.
There is an opulent altar of Gozag here.
There is a blossoming altar of Fedhas here.
There is a white marble altar of Elyvilon here.
There is a shadowy altar of Dithmenos here.
There is a snail-covered altar of Cheibriados here.
There is a roughly hewn altar of Beogh here.
There is an open door to the Temple here.
Things that are here:
a +0 robe; a +0 dagger
There is an open door, spattered with blood here.
You see here a +0 giant spiked club.
You see here a cursed -2 club.
There is an open door to the Dungeon here.
There is a staircase leading out of the dungeon here.
You have escaped!

▓.▓.▓.▓.▓.▓.▓.▓.▓.
▓.▓.▓'▓.▓.▓.▓.▓.▓.
▓)▓.▓.▓.▓.▓.▓.▓.▓.
▓.▓.▓.▓.▓.▓.▓.▓.▓.
▓'▓.▓.▓.▓.▓.▓.▓.▓.
▓.▓.▓.▓.▓.▓.▓.▓.▓.
▓.▓.▓.▓.▓.▓.▓.▓.▓.
▓.▓.▓.▓.▓.▓.▓.▓.▓.
▓D▓...▓...▓...▓...
▓▓▓▓▓▓▓▓▓▓▓▓▓▓▓▓▓▓


There were no monsters in sight!

Vanquished Creatures
  4 orbs of fire (D)
  4 ancient liches (D)
  Boris (D)
  Saint Roka (D)
  A Killer Klown (D)
  Xtahua (D)
  Nikola (D)
  5 golden dragons (D)
  2 Tzitzimimeh (D)
  A bone dragon (D)
  A lich (D)
  An electric golem (D)
  3 tentacled monstrosities (D)
  A Hell Sentinel (D)
  31 Orb Guardians (D)
  3 Ice Fiends (D)
  A pandemonium lord (D)
  2 quicksilver dragons (D)
  An Executioner (D)
  A sphinx (D)
  2 death cobs (D)
  8 shadow dragons (D)
  5 storm dragons (D)
  A draconian monk (D)
  4 nagarajas (D)
  Ilsuiw (D)
  2 fire giants (D)
  2 draconian scorchers (D)
  A draconian knight (D)
  3 ghost moths (D)
  2 cacodemons (D)
  4 draconian annihilators (D)
  Louise (D)
  2 vault wardens (D)
  An angel (D)
  A draconian shifter (D)
  A very ugly thing (D)
  5 emperor scorpions (D)
  A draconian stormcaller (D)
  A reaper (D)
  An ironheart preserver (D)
  A vampire knight (D)
  5 stone giants (D)
  2 entropy weavers (D)
  Azrael (D)
  3 black draconians (D)
  5 yellow draconians (D)
  3 red draconians (D)
  3 white draconians (D)
  A spark wasp (D)
  2 lorocyprocas (D)
  3 purple draconians (D)
  4 merfolk javelineers (D)
  4 ettins (D)
  3 fire dragons (D)
  2 blizzard demons (D)
  6 merfolk impalers (D)
  A great orb of eyes (D)
  25 vault guards (D)
  11 ogre magi (D)
  3 yaktaur captains (D)
  A hell beast (D)
  6 ice dragons (D)
  7 naga warriors (D)
  8 hydras (D)
  Erica (D)
  A rakshasa (D)
  A merfolk avatar (D)
  A death knight (D)
  A centaur warrior (D)
  A spriggan air mage (D)
  A deep troll shaman (D)
  An anaconda (D)
  2 merfolk aquamancers (D)
  2 alligators (D)
  3 hell hogs (D)
  A spriggan berserker (D)
  A deep troll earth mage (D)
  Nergalle (D)
  A hell knight (D)
  2 sun demons (D)
  4 sixfirhies (D)
  A salamander mystic (D)
  A sea snake (shapeshifter) (D)
  A sea snake (D)
  A cherub (D)
  An unseen horror (D)
  A shadow demon (D)
  5 deep trolls (D)
  A spriggan druid (D)
  5 swamp dragons (D)
  2 wizards (D)
  2 deep elf archers (D)
  2 orc knights (D)
  2 necromancers (D)
  2 harpies (D)
  A mana viper (D)
  A mana viper (shapeshifter) (D)
  3 wolf spiders (D)
  A cyclops (D)
  A salamander (shapeshifter) (D)
  8 moths of wrath (D)
  A manticore (D)
  A toenail golem (D)
  3 vault sentinels (D)
  5 black mambas (D)
  2 naga magi (D)
  A guardian serpent (D)
  4 orange demons (D)
  A spiny frog (D)
  A smoke demon (D)
  2 efreet (D)
  A kobold demonologist (D)
  6 yaktaurs (D)
  A hellwing (D)
  4 demonic crawlers (D)
  An ice devil (D)
  2 freezing wraiths (D)
  6 trolls (D)
  A merfolk (D)
  A meliai (D)
  3 wind drakes (D)
  A tyrant leech (D)
  4 jumping spiders (D)
  A bog body (D)
  2 slime creatures (D)
  A blink frog (D)
  A snapping turtle (D)
  A hippogriff (D)
  2 redbacks (D)
  2 tarantellas (D)
  A wyvern (D)
  A water elemental (D)
  2 yaks (D)
  A neqoxec (D)
  2 fire elementals (D)
  Grum (D)
  3 chaos spawn (D)
  3 vampire mosquitoes (D)
  A naga (shapeshifter) (D)
  A warg (D)
  An acid dragon (D)
  An insubstantial wisp (D)
  2 nagas (D)
  4 hell hounds (D)
  A porcupine (D)
  A water moccasin (D)
  A swamp drake (D)
  A floating eye (shapeshifter) (D)
  An ice beast (D)
  14 orc warriors (D)
  A sky beast (D)
  A phantom (D)
  A necrophage (D)
  An ogre (D)
  6 wolves (D)
  4 crocodiles (D)
  10 bullfrogs (D)
  A wight (D)
  2 crimson imps (D)
  4 orc priests (D)
  A hound (D)
  2 orc wizards (D)
  A shadow imp (D)
  A dart slug (D)
  A leopard gecko (D)
  11 orcs (D)
  A bat (D)
  A bat skeleton (D)
  A goblin (D)
  A jackal (D)
  A ball python skeleton (D)
  A giant cockroach zombie (D)
  2 rats (D)
453 creatures vanquished.

Vanquished Creatures (others)
  A boggart (D)
1 creature vanquished.

Grand Total: 454 creatures vanquished

Notes
Turn   | Place    | Note
-------+----------+-------------------------------------------
     0 | D        | Cryoshakespeare the Ogre Transmuter began the quest for the
                  | Orb.
     0 | D        | Reached XP level 1. HP: 19/19 MP: 3/3
    22 | D        | Reached XP level 2. HP: 23/31 MP: 5/5
   107 | D        | Noticed a sky beast
   107 | D        | Noticed an ogre
   111 | D        | Killed an ogre
   111 | D        | Reached skill level 5 in Unarmed Combat
   111 | D        | Reached XP level 3. HP: 45/45 MP: 4/6
   111 | D        | Reached XP level 4. HP: 53/53 MP: 4/7
   115 | D        | Killed a sky beast
   115 | D        | Reached skill level 5 in Transmutations
   115 | D        | Reached XP level 5. HP: 65/65 MP: 4/8
   157 | D        | Found a roughly hewn altar of Beogh.
   157 | D        | Found a snail-covered altar of Cheibriados.
   157 | D        | Found a shadowy altar of Dithmenos.
   157 | D        | Found a white marble altar of Elyvilon.
   157 | D        | Found a blossoming altar of Fedhas.
   157 | D        | Found an opulent altar of Gozag.
   158 | D        | Found a hazy altar of Hepliaklqana.
   159 | D        | Found a viscous altar of Jiyva.
   160 | D        | Found an ancient bone altar of Kikubaaqudgha.
   161 | D        | Found a corrupted altar of Lugonu.
   162 | D        | Found a burning altar of Makhleb.
   163 | D        | Found a sparkling altar of Nemelex Xobeh.
   164 | D        | Found an iron altar of Okawaru.
   165 | D        | Became a worshipper of Gozag Ym Sagoz the Greedy
   166 | D        | Found a stormy altar of Qazlal.
   167 | D        | Found a sacrificial altar of Ru.
   168 | D        | Found a deep blue altar of Sif Muna.
   169 | D        | Found a bloodstained altar of Trog.
   170 | D        | Found a hide-covered altar of Uskayaw.
   171 | D        | Found a radiant altar of Vehumet.
   172 | D        | Found an ornate altar of the Wu Jian Council.
   173 | D        | Found a shimmering altar of Xom.
   174 | D        | Found a basalt altar of Yredelemnul.
   175 | D        | Found a glowing silver altar of Zin.
   176 | D        | Found a glowing golden altar of the Shining One.
   185 | D        | Learned a level 5 spell: Blade Hands
   217 | D        | Noticed a phantom
   220 | D        | Reached XP level 6. HP: 75/75 MP: 3/9
   225 | D        | Reached skill level 10 in Fighting
   232 | D        | Killed a phantom
   276 | D        | Noticed a hippogriff
   276 | D        | Noticed an efreet
   276 | D        | Noticed an ice beast
   276 | D        | Noticed a wyvern
   280 | D        | Killed a wyvern
   280 | D        | Reached XP level 7. HP: 88/88 MP: 4/10
   284 | D        | Killed an efreet
   284 | D        | Reached XP level 8. HP: 62/101 MP: 4/11
   294 | D        | Killed a hippogriff
   514 | D        | Learned a level 4 spell: Ice Form
   629 | D        | Noticed a yak
   634 | D        | Reached skill level 10 in Unarmed Combat
   636 | D        | Reached skill level 10 in Transmutations
   638 | D        | Noticed a black mamba
   644 | D        | Reached skill level 1 in Ice Magic
   649 | D        | Killed a yak
   649 | D        | Reached XP level 9. HP: 85/113 MP: 8/12
   653 | D        | Killed a black mamba
   831 | D        | Noticed a black mamba
   838 | D        | Killed a black mamba
   838 | D        | Reached skill level 15 in Fighting
   846 | D        | Reached skill level 5 in Ice Magic
   981 | D        | Noticed a spiny frog
   990 | D        | Reached XP level 10. HP: 105/127 MP: 8/13
   993 | D        | Killed a spiny frog
  1317 | D        | Noticed Erica
  1325 | D        | Killed Erica
  1396 | D        | Noticed Grum
  1406 | D        | Killed Grum
  1674 | D        | Noticed an orc knight
  1685 | D        | Killed an orc knight
  1694 | D        | Reached XP level 11. HP: 116/140 MP: 11/14
  1713 | D        | HP: 4/169 [orc warrior/+0 glaive (25)]
  2287 | D        | Found Nuesash's Food Boutique.
  2287 | D        | Noticed a deep troll
  2287 | D        | Noticed an ogre mage
  2287 | D        | Noticed a deep troll
  2287 | D        | Noticed a deep troll
  2288 | D        | Noticed an ogre mage
  2290 | D        | Killed a deep troll
  2298 | D        | Killed a deep troll
  2301 | D        | Killed an ogre mage
  2302 | D        | Found Hyhegus's Weapon Shop.
  2304 | D        | Killed a deep troll
  2327 | D        | Killed an ogre mage
  2648 | D        | Found Icoruc's Food Boutique.
  2649 | D        | Noticed a deep troll
  2676 | D        | Killed a deep troll
  2749 | D        | Noticed an ogre mage
  2758 | D        | Killed an ogre mage
  2800 | D        | Found Luude's Armour Shop.
  2806 | D        | Noticed a deep troll
  2815 | D        | Killed a deep troll
  2815 | D        | Reached skill level 15 in Unarmed Combat
  2904 | D        | Bought a book of the Dragon for 1440 gold pieces
  3029 | D        | Found the +6 lightning scales {run, rElec}
  3112 | D        | Learned a level 7 spell: Dragon Form
  3141 | D        | Noticed a centaur warrior
  3141 | D        | Noticed a cyclops
  3142 | D        | Reached XP level 12. HP: 158/158 MP: 7/15
  3145 | D        | Noticed a stone giant
  3146 | D        | Reached skill level 15 in Transmutations
  3149 | D        | Killed a centaur warrior
  3151 | D        | Noticed a stone giant
  3155 | D        | Noticed an ogre mage
  3157 | D        | Killed a stone giant
  3158 | D        | Noticed a red very ugly thing
  3160 | D        | Killed a stone giant
  3165 | D        | Noticed a deep troll shaman
  3167 | D        | Killed a red very ugly thing
  3168 | D        | Killed an ogre mage
  3175 | D        | Killed a deep troll shaman
  3330 | D        | Noticed Azrael
  3336 | D        | Killed Azrael
  3461 | D        | Gained mutation: Scrolls take you a little longer to read.
                  | [mutagenic glow]
  3496 | D        | Gained mutation: You are dopey. (Int -2) [mutagenic glow]
  3540 | D        | Gained mutation: You are clumsy. (Dex -2) [mutagenic glow]
  3542 | D        | Noticed an anaconda
  3542 | D        | Noticed a naga warrior
  3551 | D        | Killed a naga warrior
  3551 | D        | Reached XP level 13. HP: 171/171 MP: 1/16
  3632 | D        | Gained mutation: Armour fits poorly on your strangely
                  | shaped body. [mutagenic glow]
  4196 | D        | Bought a book of the Earth for 1040 gold pieces
  4223 | D        | Bought a book of the Sky for 1040 gold pieces
  4842 | D        | Noticed an ettin
  4842 | D        | Noticed an ettin
  4842 | D        | Noticed a stone giant
  4844 | D        | Killed a stone giant
  4847 | D        | Noticed an ettin
  4851 | D        | Killed an ettin
  4854 | D        | Noticed a stone giant
  4861 | D        | Noticed a stone giant
  4863 | D        | Killed an ettin
  4865 | D        | Noticed a spark wasp
  4867 | D        | Noticed an ettin
  4870 | D        | Killed an ettin
  4871 | D        | Noticed a yaktaur captain
  4874 | D        | Killed a stone giant
  4874 | D        | Reached XP level 14. HP: 116/187 MP: 16/20
  4882 | D        | Killed a stone giant
  4889 | D        | Noticed a fire giant
  4907 | D        | Killed a fire giant
  5270 | D        | Learned a level 6 spell: Deflect Missiles
  5295 | D        | Reached skill level 1 in Charms
  5295 | D        | Reached skill level 1 in Air Magic
  5312 | D        | Reached skill level 5 in Spellcasting
  5313 | D        | Noticed an entropy weaver
  5329 | D        | Killed an entropy weaver
  6096 | D        | Noticed Louise
  6101 | D        | Killed Louise
  6116 | D        | Noticed Xtahua
  6122 | D        | Killed Xtahua
  6122 | D        | Reached skill level 5 in Charms
  6122 | D        | Reached skill level 5 in Air Magic
  6180 | D        | Learned a level 6 spell: Statue Form
  6181 | D        | Noticed a nagaraja
  6184 | D        | Noticed a nagaraja
  6185 | D        | Killed a nagaraja
  6190 | D        | Reached XP level 15. HP: 201/201 MP: 20/27
  6191 | D        | Noticed a nagaraja
  6199 | D        | Killed a nagaraja
  6205 | D        | Killed a nagaraja
  6205 | D        | Reached skill level 5 in Dodging
  6205 | D        | Noticed a nagaraja
  6222 | D        | Killed a nagaraja
  6241 | D        | Got a serpentine rune of Zot
  6408 | D        | Noticed an emperor scorpion
  6408 | D        | Noticed an emperor scorpion
  6408 | D        | Noticed an emperor scorpion
  6410 | D        | Killed an emperor scorpion
  6414 | D        | Killed an emperor scorpion
  6423 | D        | Killed an emperor scorpion
  6427 | D        | Killed a ghost moth
  6432 | D        | Killed a ghost moth
  6432 | D        | Reached skill level 27 in Fighting
  6436 | D        | Noticed an emperor scorpion
  6459 | D        | Killed an emperor scorpion
  6459 | D        | Reached skill level 10 in Dodging
  6460 | D        | Noticed an emperor scorpion
  6466 | D        | Killed an emperor scorpion
  6470 | D        | Got a gossamer rune of Zot
  6501 | D        | Bought the ring of Ukhuot {rC+ Int+4 Stlth+} for 832 gold
                  | pieces
  6828 | D        | Got a decaying rune of Zot
  6891 | D        | Noticed Ilsuiw
  6914 | D        | Reached XP level 16. HP: 217/217 MP: 23/28
  6919 | D        | Killed Ilsuiw
  6949 | D        | Got a barnacled rune of Zot
  7405 | D        | Noticed Nergalle
  7411 | D        | Killed Nergalle
  7439 | D        | Reached skill level 15 in Dodging
  7636 | D        | Noticed a lich
  7636 | D        | Noticed a sphinx
  7642 | D        | Killed a sphinx
  7646 | D        | Killed a lich
  7650 | D        | Noticed a shadow dragon
  7655 | D        | Noticed a shadow dragon
  7661 | D        | Killed a shadow dragon
  7670 | D        | Killed a shadow dragon
  7670 | D        | Reached XP level 17. HP: 226/226 MP: 26/29
  7866 | D        | Noticed a tentacled monstrosity
  7866 | D        | Noticed a golden dragon
  7866 | D        | Noticed an ancient lich
  7868 | D        | Noticed an ancient lich
  7872 | D        | Killed an ancient lich
  7874 | D        | Killed a golden dragon
  7877 | D        | Killed a tentacled monstrosity
  7881 | D        | Killed an ancient lich
  7882 | D        | Reached skill level 27 in Unarmed Combat
  7906 | D        | Got a silver rune of Zot
  7935 | D        | Got twisted quicksilver dragon scales
  7938 | D        | Identified the cursed quicksilver dragon scales "Quystrua"
                  | {MR+ Str+7 Int+2 Slay-2} (You found it in the Dungeon)
  8015 | D        | Bought the amulet "Ijodgh" {Acrobat Int+6 Dex+5} for 1141
                  | gold pieces
  8019 | D        | Bought the ring of Ipponoy {+Fly rElec MP+9} for 957 gold
                  | pieces
  8073 | D        | Noticed Boris
  8082 | D        | Killed Boris
  8097 | D        | Noticed Nikola
  8105 | D        | Killed Nikola
  9069 | D        | Bought a book of Battle for 640 gold pieces
  9072 | D        | Learned a level 2 spell: Song of Slaying
  9992 | D        | Got the amulet "Woseita" {Gourm rElec rN+}
  9994 | D        | Got the ring "Kiuceur" {*Slow MR+ Str+3 Dex+5}
  9996 | D        | Got the ring "Ismuxoud" {MR++ MP+9 EV+3 Str-5 Stlth+}
  9998 | D        | Got the ring of the Moon {+Fly rPois Str+3}
 10000 | D        | Got the ring of Jekush {+Inv rF+ MR- Int+3 Stlth+}
 10122 | D        | Noticed Saint Roka
 10136 | D        | Killed Saint Roka
 10281 | D        | Reached skill level 10 in Charms
 10285 | D        | Reached XP level 18. HP: 236/236 MP: 30/30
 10322 | D        | Noticed a bone dragon
 10336 | D        | Killed a bone dragon
 10456 | D        | Reached skill level 27 in Dodging
 10456 | D        | Reached skill level 1 in Earth Magic
 10460 | D        | Reached skill level 1 in Evocations
 10488 | D        | Noticed a golden dragon
 10493 | D        | Killed a golden dragon
 10507 | D        | Reached skill level 10 in Spellcasting
 10511 | D        | Reached skill level 5 in Earth Magic
 10643 | D        | Noticed a tentacled monstrosity
 10643 | D        | Noticed a quicksilver dragon
 10645 | D        | Killed a quicksilver dragon
 10645 | D        | Reached skill level 5 in Evocations
 10652 | D        | Killed a tentacled monstrosity
 10819 | D        | Reached skill level 15 in Charms
 10819 | D        | Reached skill level 10 in Earth Magic
 10821 | D        | Noticed a tentacled monstrosity
 10833 | D        | Reached skill level 10 in Evocations
 10836 | D        | Killed a tentacled monstrosity
 11008 | D        | Noticed an Orb Guardian
 11008 | D        | Noticed an Orb Guardian
 11008 | D        | Noticed an Orb Guardian
 11008 | D        | Noticed an Orb Guardian
 11008 | D        | Noticed an Orb Guardian
 11008 | D        | Noticed an Orb Guardian
 11009 | D        | Noticed an Orb Guardian
 11010 | D        | Killed an Orb Guardian
 11015 | D        | Killed an Orb Guardian
 11015 | D        | Reached XP level 19. HP: 245/245 MP: 33/33
 11406 | D        | Noticed a golden dragon
 11406 | D        | Noticed a golden dragon
 11409 | D        | Killed a golden dragon
 11411 | D        | Reached skill level 15 in Earth Magic
 11421 | D        | Killed a golden dragon
 11424 | D        | Reached skill level 15 in Evocations
 11433 | D        | Noticed an ancient lich
 11435 | D        | Killed an ancient lich
 11439 | D        | Noticed an orb of fire
 11443 | D        | Killed an orb of fire
 11446 | D        | Noticed an electric golem
 11449 | D        | Killed an electric golem
 11453 | D        | Noticed a Killer Klown
 11454 | D        | Noticed an orb of fire
 11460 | D        | Noticed an orb of fire
 11460 | D        | Killed a Killer Klown
 11463 | D        | Noticed a golden dragon
 11466 | D        | Killed an orb of fire
 11466 | D        | Reached XP level 20. HP: 256/256 MP: 34/34
 11467 | D        | Noticed an ancient lich
 11469 | D        | Noticed an orb of fire
 11477 | D        | Killed an orb of fire
 11486 | D        | Killed a golden dragon
 11488 | D        | Killed an ancient lich
 11493 | D        | Killed an orb of fire
 11631 | D        | Got the Orb of Zot
 12135 | D        | Noticed a Tzitzimitl
 12141 | D        | Killed a Tzitzimitl
 12217 | D        | Reached XP level 21. HP: 221/265 MP: 35/35
 12708 | D        | Noticed Abulue the pandemonium lord
 12714 | D        | Killed Abulue the pandemonium lord
 12748 | D        | Bought a phantom mirror for 420 gold pieces
 12748 | D        | Bought a phantom mirror for 420 gold pieces
 12748 | D        | Bought a phantom mirror for 420 gold pieces
 12750 | D        | Bought a scroll of acquirement for 624 gold pieces
 12752 | D        | Got a pitted pewter amulet
 12753 | D        | Bought a scroll of identify for 24 gold pieces
 12755 | D        | Identified the amulet "Vuqeb" {Reflect rF+ rN+ Str+4 SH+3
                  | Stlth+} (You acquired it in the Dungeon)
 13222 | D        | Bought a ration for 55 gold pieces
 13222 | D        | Bought a ration for 55 gold pieces
 13222 | D        | Bought a ration for 55 gold pieces
 13222 | D        | Bought a ration for 55 gold pieces
 13222 | D        | Bought a ration for 55 gold pieces
 13394 | D        | Escaped with the Orb!

Skill      XL: |  1  2  3  4  5  6  7  8  9 10 11 12 13 14 15 16 17 18 19 20 21 |
---------------+----------------------------------------------------------------+-----
Fighting       | 3 6 8 9 11 12 14 15 17 20 22 23 25 27 | 27.0
Transmutations | 2 4 5 6 8 9 10 11 13 14 17 20 21 22 | 22.0
Unarmed Combat | 3 5 6 7 8 9 10 11 13 15 16 17 19 22 25 27 | 27.0
Ice Magic      | 2 5 |  5.0
Spellcasting   | 4 8 10 | 10.0
Charms         | 5 10 16 21 25 26 | 26.8
Air Magic      | 5 6 |  6.5
Dodging        | 3 13 19 25 27 | 27.0
Earth Magic    | 12 19 23 25 | 25.1
Evocations     | 11 17 21 23 | 23.5

Action                   |  1- 3 |  4- 6 |  7- 9 | 10-12 | 13-15 | 16-18 | 19-21 || total
-------------------------+-------+-------+-------+-------+-------+-------+-------++-------
Melee: Unarmed           |    18 |    23 |    60 |   160 |   248 |   260 |   178 ||   947
       Kick              |     5 |     1 |       |       |       |       |       ||     6
       Punch             |       |       |     5 |     5 |    19 |    32 |    20 ||    81
       Bite              |       |       |       |     5 |    16 |    33 |    19 ||    73
       Tailslap          |       |       |       |     1 |    23 |    39 |    23 ||    86
       Staff             |       |       |       |       |     2 |       |     1 ||     3
 Cast: Beastly Appendage |     2 |       |       |       |       |       |       ||     2
       Blade Hands       |       |     2 |     2 |     2 |       |       |       ||     6
       Ice Form          |       |       |     2 |     8 |     2 |       |       ||    12
       Dragon Form       |       |       |       |     3 |    14 |    14 |    16 ||    47
       Deflect Missiles  |       |       |       |       |     1 |     4 |     1 ||     6
       Statue Form       |       |       |       |       |     1 |       |     1 ||     2
       Song of Slaying   |       |       |       |       |       |    10 |     2 ||    12
Invok: Call Merchant     |       |       |       |     6 |     7 |     4 |     1 ||    18
       Potion Petition   |       |       |       |       |       |     1 |     2 ||     3
 Abil: Breathe Fire      |       |       |       |       |     2 |       |     2 ||     4
       End Transformatio |       |       |       |       |     2 |     6 |     3 ||    11
  Use: Potion            |     2 |       |       |     2 |     2 |       |     7 ||    13
       Scroll            |       |       |       |     3 |       |     2 |     2 ||     7
 Stab: Distracted        |       |       |       |       |     4 |     1 |     2 ||     7
       Sleeping          |       |       |       |       |       |     1 |       ||     1
  Eat: Ration            |       |       |       |     3 |     4 |     4 |     2 ||    13
Armor: Robe              |     7 |     3 |     9 |       |       |       |       ||    19
       Skin              |       |       |     2 |    27 |   129 |    44 |    22 ||   224
Dodge: Dodged            |     8 |     7 |    18 |    44 |    74 |    90 |    92 ||   333
       Deflected         |       |       |       |       |     4 |    15 |     2 ||    21
Block: Other             |       |       |       |       |       |       |     5 ||     5
